 Dungeon Crawl Stone Soup version 0.26.1-11-gd32895ea62 (webtiles) character file.

Game seed: 16423337907104709238

42 Tirrikindir the Shield-Bearer (level 3, 0/26 HPs)
             Began as an Octopode Fighter on June 7, 2021.
             Slain by an adder (2 damage)
             ... on level 2 of the Dungeon.
             The game lasted 00:01:41 (1107 turns).

Tirrikindir the Shield-Bearer (Octopode Fighter)    Turns: 1107, Time: 00:01:41

Health: 0/26       AC:  1    Str: 15    XL:     3   Next: 56%
Magic:  12/12      EV: 12    Int: 10    God:
Gold:   46         SH:  8    Dex: 12    Spells: 2/2 levels left

rFire    . . .     SeeInvis .   a - +0 long sword
rCold    . . .     Faith    .   b - +0 kite shield
rNeg     . . .     Spirit   .   (helmet restricted)
rPois    .         Reflect  .   (no amulet)
rElec    .         Harm     .   i - ring of magical power
rCorr    .         Rampage  .   (no ring)
Will     .....                  (no ring)
Stlth    +++.......             (no ring)
HPRegen  0.08/turn              (no ring)
MPRegen  0.13/turn              (no ring)
                                (no ring)
                                (no ring)

@: lethally poisoned (0 -> -3)
A: almost no armour, stealthy swim, amphibious, 8 rings, constrict 8, camouflage
1, gelatinous body 1
a: no special abilities


You were on level 2 of the Dungeon.
You visited 1 branch of the dungeon, and saw 2 of its levels.

You collected 46 gold pieces.

Inventory:

Hand Weapons
 a - a +0 long sword (weapon)
Missiles
 e - 18 poisoned darts (quivered)
Armour
 b - a +0 kite shield (worn)
Jewellery
 i - a ring of magical power (left tentacle)
Scrolls
 d - a scroll of remove curse
 h - a scroll of identify
Potions
 c - a potion of might
 f - a potion of haste
 g - a potion of invisibility {unknown}
 j - a potion of curing {unknown}


   Skills:
 + Level 3.2 Fighting
 * Level 2.7 Long Blades
 + Level 3.2 Dodging
 + Level 1.9 Stealth
 + Level 3.3 Shields


You had 2 spell levels left.
You didn't know any spells.
Your spell library was empty.

Dungeon Overview and Level Annotations

Branches:
Dungeon (2/15)

Altars:


Innate Abilities, Weirdness & Mutations

You cannot wear most types of armour.
You are very stealthy in the water. (Stealth+)
You are amphibious.
You can wear up to eight rings at the same time.
You can use your tentacles to constrict eight enemies at once.
Your skin changes colour to match your surroundings (Stealth+).
Your rubbery body absorbs attacks. (AC +1, EV +1)


Message History

You block the adder's attack. The dart slug closely misses you.
The adder bites you.
You are poisoned.
The adder poisons you!
You miss the adder. Your grab misses the adder. Your squeeze misses the adder.
You feel sick. You block the adder's attack. The dart slug bites you.
You slash the dart slug!
You kill the dart slug!
You feel sick. The adder bites you. The adder bites you but does no damage.
You barely miss the adder. Your grab misses the adder.
Your squeeze misses the adder. The adder closely misses you.
You block the adder's attack.
You closely miss the adder. Your grab misses the adder.
You feel sick. You block the adder's attack.
The adder bites you but does no damage.
You closely miss the adder. Your grab misses the adder.
You block the adder's attack. The worm bites you!
You feel sick. The adder bites you.
* * * LOW HITPOINT WARNING * * *
The adder bites you.
You die...

...........#
...........#
...........#
..)........# ##...#
...........# #....+
...........# #....##
.......wS..# ......
......†.@..######....#
....#+###.#.....#.#..#
#. . #.#.###.#.#..#...
#.#.....#'#<...#
#.#..#......##.#
####.#..#.........#.
....................
....................
##..[........####...


You could see a worm and an adder.

Vanquished Creatures
  4 dart slugs
  A leopard gecko (D:1)
  2 bats (D:1)
  4 giant cockroaches (D:1)
  8 goblins
  4 hobgoblins (D:1)
  2 frilled lizards (D:1)
  2 kobolds (D:1)
  5 rats (D:1)
32 creatures vanquished.

Notes
Turn   | Place    | Note
-------+----------+-------------------------------------------
     0 | D:1      | Tirrikindir the Octopode Fighter began the quest for the
                  | Orb.
     0 | D:1      | Reached XP level 1. HP: 16/16 MP: 1/1
   209 | D:1      | Reached XP level 2. HP: 8/21 MP: 2/2
   424 | D:1      | Reached skill level 1 in Stealth
   623 | D:1      | Reached XP level 3. HP: 23/26 MP: 3/3
  1107 | D:2      | Slain by an adder

Illustrated notes

Levels and vault maps discovered:
D:1:      zelgadis_glass_arrival_small, layout_basic, st_stairs_13
D:2:      layout_basic, grunt_decor_cap, minmay_misc_feat_tower, uniq_natasha

Skill      XL: |  1  2 |
---------------+-------+-----
Stealth        | 1 |  1.9
Fighting       | |  3.2
Long Blades    | |  2.7
Dodging        | |  3.2
Shields        | |  3.3

Action                   || total
-------------------------++-------
Melee: Long sword        ||    54
       Constrict         ||    18
       Tentacles         ||     7
  Use: Scroll            ||     5
 Stab: Sleeping          ||     6
Armor: Skin              ||     4
Dodge: Dodged            ||    24
Block: Kite shield       ||    29
       Rpst.: Long sword ||     9
